 Dungeon Crawl Stone Soup version 0.18.1-6-gd335043 (webtiles) character file.

1830 stepppan the Ruffian (level 8, -9/80 HPs)
             Began as a Troll Monk on May 15, 2016.
             Mangled by a gnoll
             ... wielding a +0 halberd
              (12 damage)
             ... on level 6 of the Dungeon.
             The game lasted 00:20:31 (5119 turns).

stepppan the Ruffian (Troll Monk)                   Turns: 5119, Time: 00:20:32

Health: -9/80      AC:  5    Str: 22    XL:     8   Next: 86%
Magic:  7/7        EV: 12    Int:  6    God:
Gold:   40         SH:  0    Dex: 12    Spells: 0 memorised, 7 levels left

rFire  . . .     SeeInvis .       - Unarmed
rCold  . . .     Gourm    +     a - +0 robe
rNeg   . . .     Faith    .     (no shield)
rPois  .         Spirit   .     (helmet restricted)
rElec  .         Dismiss  .     (no cloak)
rCorr  .         Reflect  .     (gloves unavailable)
SustAt +         Harm     .     (boots unavailable)
MR     +....                    (no amulet)
Stlth  ++........               k - ring of sustain attributes
                                d - ring of protection from magic

@: somewhat resistant to hostile enchantments, unstealthy
A: unfitting armour, claws 3, fast metabolism 3, gourmand, regeneration 2,
shaggy fur 1, tough skin 2
a: no special abilities


You were on level 6 of the Dungeon.
You were not hungry.

You visited 1 branch of the dungeon, and saw 6 of its levels.
You also visited: Ossuary.

You collected 215 gold pieces.
You spent 175 gold pieces at shops.

Inventory:

Hand Weapons
 B - a +0 blowgun
 D - a +0 whip of freezing
Missiles
 l - 14 poisoned needles
Armour
 a - a +0 robe (worn)
Jewellery
 d - a ring of protection from magic (left claw)
 k - a ring of sustain attributes (right claw)
 z - an uncursed ring of protection from magic
 C - an uncursed ring of protection from fire {unknown}
Scrolls
 c - 8 scrolls of identify {unknown}
 h - 2 scrolls of enchant armour {unknown}
 i - a scroll of noise {unknown}
 n - 3 scrolls of blinking {unknown}
 q - a scroll of immolation {unknown}
 r - 5 scrolls of remove curse {unknown}
 t - 2 scrolls of teleportation {unknown}
 v - a scroll of recharging {unknown}
 y - a scroll of fog {unknown}
Potions
 e - 2 potions of flight {unknown}
 f - a potion of cancellation {unknown}
 j - 2 potions of haste {unknown}
 m - 3 potions of heal wounds {unknown}
 o - 3 potions of brilliance {unknown}
 s - a potion of ambrosia {unknown}
 u - a potion of resistance {unknown}
 w - 2 potions of curing {unknown}
 x - a potion of invisibility {unknown}
 E - a potion of cure mutation {unknown}
Comestibles
 b - 6 bread rations
 g - 2 meat rations
 p - 2 royal jellies
 A - a beef jerky


   Skills:
 + Level 5.2 Fighting
 + Level 6.2 Dodging
 + Level 2.5 Stealth
 + Level 7.7 Unarmed Combat


You had 7 spell levels left.
You didn't know any spells.

Dungeon Overview and Level Annotations

Branches:
Dungeon (6/15)
 Temple: D:4-7

Altars:
Ashenzari
Dithmenos
Fedhas
Qazlal
Ru

Shops:
D:5 }%

Annotations:
D:2 exclusion: oklob plant


Innate Abilities, Weirdness & Mutations

You are too large for most types of armour.
You have claws for hands.
Your metabolism is lightning-fast.
You like to eat raw meat.
You heal very quickly.
You are covered in fur (AC +1).
You have very tough skin (AC +2).


Message History

The gnoll misses you. The gnoll completely misses you.
You claw the gnoll!
You kill the gnoll!
The gnoll hits you but does no damage.
You claw the gnoll!
The gnoll is almost dead.
The gnoll hits you with a flail.
You claw the gnoll!
You kill the gnoll!
The gnoll hits you from afar with a halberd!
* * * LOW HITPOINT WARNING * * *
The gnoll barely misses you. The gnoll closely misses you.
The gnoll barely misses you.
The crimson imp blinks!
Items here: ))) [ † a flail; a club x2; a leather armour; a gnoll corpse The gnoll hits you from afar with a halberd!
* * * LOW HITPOINT WARNING * * *
The gnoll hits you from afar with a halberd!
You die...

#............#
#...........#
#...........#
#..........##
#.........##
##[......##
##.....##
#.....# .
###.#@# ...
###)##.....
#gg......
##§......
.......
.......
.......
.5.....
.......


You could see 2 gnolls and a crimson imp.

Vanquished Creatures
  Pikel (D:4)
  2 slaves (D:4)
  The ghost of protoss039 the Covered, an amateur MiFi of Cheibriados (D:3)
  A phantom (D:4)
  2 ogres
  A giant frog (D:5)
  A scorpion (D:5)
  3 water moccasin zombies (Ossuary)
  A water moccasin skeleton (D:4)
  A crimson imp (D:5)
  A centaur zombie (D:5)
  A gnoll shaman (D:6)
  An orc priest (D:4)
  3 orc wizards
  5 worker ants
  3 big kobold zombies (Ossuary)
  A hound zombie (D:5)
  3 mummies
  Robin (D:4)
  A worker ant zombie (D:5)
  3 gnolls (D:6)
  A howler monkey skeleton (D:4)
  6 adders
  2 shadow imps
  An adder zombie (Ossuary)
  A worm (D:2)
  5 dart slugs
  3 giant geckos
  14 orcs
  6 bats
  A giant cockroach (D:3)
  5 gnoll zombies (Ossuary)
  20 goblins
  4 hobgoblins
  5 jackals (D:2)
  4 quokkas
  8 giant newts
  A goblin zombie (D:5)
  3 hobgoblin zombies (Ossuary)
  8 kobolds
  8 kobold zombies (Ossuary)
  4 orc zombies
  A quokka skeleton (D:4)
  9 rats
157 creatures vanquished.

Vanquished Creatures (others)
  An orc wizard (D:4)
1 creature vanquished.

Grand Total: 158 creatures vanquished

Notes
Turn   | Place    | Note
--------------------------------------------------------------
     0 | D:1      | stepppan the Troll Monk began the quest for the Orb.
     0 | D:1      | Reached XP level 1. HP: 22/22 MP: 0/0
    79 | D:1      | Reached XP level 2. HP: 29/29 MP: 1/1
   832 | D:1      | Reached XP level 3. HP: 36/36 MP: 2/2
  1096 | D:2      | Found a blossoming altar of Fedhas.
  1108 | D:2      | Noticed an oklob plant
  1387 | D:2      | Reached XP level 4. HP: 43/44 MP: 3/3
  1707 | D:3      | Noticed protoss039's ghost (amateur MiFi)
  2070 | D:4      | Reached XP level 5. HP: 47/53 MP: 4/4
  2092 | D:4      | Reached skill level 5 in Unarmed Combat
  2158 | D:4      | Noticed Robin
  2203 | D:4      | Killed Robin
  2275 | D:4      | Reached XP level 6. HP: 46/61 MP: 5/5
  2842 | D:4      | Noticed a slave
  2843 | D:4      | Noticed a slave
  2844 | D:4      | Noticed Pikel
  2844 | D:4      | Noticed a slave
  2864 | D:4      | Killed a slave
  2875 | D:5      | Entered Level 5 of the Dungeon
  2942 | D:5      | Found a sand-covered staircase.
  2949 | Ossuary  | Entered an ossuary
  3078 | Ossuary  | Reached XP level 7. HP: 50/68 MP: 6/6
  3267 | D:5      | Reached skill level 6 in Unarmed Combat
  3292 | D:5      | Found a stormy altar of Qazlal.
  3302 | D:5      | Found a shattered altar of Ashenzari.
  3302 | D:5      | Found a sacrificial altar of Ru.
  3307 | D:5      | Found a shadowy altar of Dithmenos.
  3459 | D:5      | Reached skill level 5 in Dodging
  3605 | D:5      | Found Huowelyn's Gadget Shoppe.
  3622 | D:5      | Reached XP level 8. HP: 78/79 MP: 7/7
  3627 | D:5      | Found Udisoh Tamn's Food Boutique.
  3636 | D:5      | Bought a beef jerky for 19 gold pieces
  3636 | D:5      | Bought a bread ration for 65 gold pieces
  3636 | D:5      | Bought a bread ration for 65 gold pieces
  3636 | D:5      | Bought a royal jelly for 26 gold pieces
  3897 | D:5      | Found a sacrificial altar of Ru.
  4534 | D:3      | Killed protoss039's ghost
  4650 | D:4      | Reached skill level 7 in Unarmed Combat
  4681 | D:4      | Killed Pikel
  4681 | D:4      | Reached skill level 5 in Fighting
  5119 | D:6      | HP: 3/80 [gnoll/halberd (15)]
  5119 | D:6      | Mangled by a gnoll

Skill      XL: |  1  2  3  4  5  6  7  8 |
---------------+-------------------------+-----
Dodging        | 3 4 5 6 |  6.2
Fighting       | 3 4 5 |  5.2
Unarmed Combat | 5 6 7 |  7.7
Stealth        | 2 |  2.5

Action                   |  1- 3 |  4- 6 |  7- 9 || total
-------------------------+-------+-------+-------++-------
Melee: Unarmed           |   113 |   151 |   196 ||   460
       Punch             |     2 |     3 |     3 ||     8
 Stab: Sleeping          |     2 |     2 |     2 ||     6
  Eat: Chunk             |    18 |    11 |    19 ||    48
Armor: Robe              |    22 |    42 |    51 ||   115
Dodge: Dodged            |    53 |    75 |    93 ||   221
